MONTREAL vs NEW YORK R

Created - May 7, 2021 at 14:53

Goals
1 2 3 T
MONTREAL 1 2 1 4
NEW YORK R 1 1 1 3
Shots
1 2 3 T
MONTREAL 8 9 5 22
NEW YORK R 13 6 19 38

1st period

1. NEW YORK R , Connor Brown 19 (Andrew Cogliano 18) at 6:16 (PP)
2. MONTREAL , Tony DeAngelo 9 (Nathan MacKinnon 31, Max Pacioretty 20) at 9:01 (PP)

Penalties :
Erik Gustafsson (MON) for Hooking (Minor) at 1:58, Nathan Beaulieu (MON) for Hooking (Minor) at 4:36, Tom Wilson (NYR) for Roughing (Minor) at 8:23, Brett Pesce (NYR) for Hooking (Minor) at 11:42

2nd period

3. MONTREAL , Phillip Danault 14 (Roope Hintz 13, Nathan Beaulieu 13) at 6:48
4. MONTREAL , Joel Armia 4 (Vincent Trocheck 20, Nino Niederreiter 9) at 6:58
5. NEW YORK R , Mike Matheson 4 (Leon Draisaitl 28, Tom Wilson 23) at 18:25

Penalties :
Tom Wilson (NYR) for Fighting (Major) at 7:02, Max Pacioretty (MON) for Fighting (Major) at 7:02

3rd period

6. NEW YORK R , Leon Draisaitl 21 (Artemi Panarin 32, Seth Jones 42) at 2:28
7. MONTREAL , Phillip Danault 15 (Alex Iafallo 14) at 14:04 (PP)

Penalties :
Tony DeAngelo (MON) for Hooking (Minor) at 7:54, Connor Brown (NYR) for Holding (Minor) at 13:02, Seth Jones (NYR) for High sticking (Minor) at 17:34

Goalie Stats

Robin Lehner (MON), 35 saves from 38 shots - (0.921), W, 26-24-5, 60:00 minutes
Frederik Andersen (NYR), 18 saves from 22 shots - (0.818), L, 31-25-9, 59:43 minutes

Players Stats for MONTREAL

Player Name              G  A  P  +/- PIM S  H  SB GA TA FO     MP     PP MP  PK MP  
------------------------------------------------------------------------------------
Alex Iafallo             0  1  1   0  0   3  0  0  0  0  0/3    17:15   2:11   0:00 
Brock McGinn             0  0  0   0  0   0  0  0  0  0  0/2     5:52   0:00   3:38 
Connor Murphy            0  0  0  -1  0   1  5  1  0  0  0/0    20:56   0:00   2:38 
Corey Perry              0  0  0   0  0   1  1  0  0  0  0/0     5:24   0:00   0:00 
Erik Gustafsson          0  0  0   0  2   1  2  3  0  0  0/0    18:28   2:17   1:45 
Joel Armia               1  0  1   1  0   2  1  0  0  0  0/1    14:53   0:00   2:00 
Keith Yandle             0  0  0   1  0   0  0  0  0  0  0/0    21:16   2:17   3:00 
Max Pacioretty           0  1  1  -1  5   2  0  0  0  0  1/1    17:34   3:27   0:00 
Nathan Beaulieu          0  1  1   0  2   0  1  1  0  0  0/0    15:19   0:00   0:53 
Nathan MacKinnon         0  1  1  -1  0   3  1  0  0  0  12/27  22:49   3:27   0:00 
Nino Niederreiter        0  1  1   1  0   1  0  0  0  0  0/0    12:53   0:00   0:00 
P.K. Subban              0  0  0  -1  0   1  1  0  0  0  0/0    24:39   3:21   3:00 
Phillip Danault          2  0  2   0  0   3  1  0  0  0  20/30  21:19   2:11   3:38 
Roope Hintz              0  1  1   0  0   1  0  0  0  0  0/0    17:15   2:11   0:00 
Tomas Tatar              0  0  0  -1  0   1  2  0  0  0  0/1    18:24   3:27   0:00 
Tony DeAngelo            1  0  1   1  2   1  0  2  0  0  0/0    19:19   3:21   0:00 
Vincent Trocheck         0  1  1   1  0   1  3  1  0  0  8/12   15:19   0:00   2:00 
Wayne Simmonds           0  0  0   0  0   0  0  0  0  0  0/0     5:24   0:00   0:00 

Players Stats for NEW YORK R

Player Name              G  A  P  +/- PIM S  H  SB GA TA FO     MP     PP MP  PK MP  
------------------------------------------------------------------------------------
Andrew Cogliano          0  1  1  -1  0   0  3  0  0  0  1/2    17:29   2:32   0:36 
Artemi Panarin           0  1  1   1  0   6  0  0  0  0  1/2    20:35   3:06   3:51 
Bo Horvat                0  0  0  -1  0   5  2  0  0  0  10/21  18:28   2:32   1:35 
Brendan Lemieux          0  0  0   0  0   0  1  0  0  0  0/0     4:59   0:00   0:00 
Brett Pesce              0  0  0  -1  2   2  0  2  0  0  0/0    19:47   2:06   0:43 
Cam Fowler               0  0  0   1  0   0  0  1  0  0  0/0    13:26   0:00   0:36 
Colton Parayko           0  0  0   0  0   3  1  2  0  0  0/0    20:58   3:32   2:56 
Connor Brown             1  0  1  -1  2   5  0  0  0  0  1/2    16:52   2:32   0:00 
Gabriel Vilardi          0  0  0   0  0   0  0  0  0  0  0/1     2:27   0:00   0:00 
Jake DeBrusk             0  0  0   0  0   2  0  0  0  0  0/0    15:46   0:00   0:00 
Jonathan Marchessault    0  0  0   0  0   3  2  0  0  0  6/11   16:10   0:00   0:24 
Karl Alzner              0  0  0   0  0   0  0  0  0  0  0/0     5:25   0:00   1:00 
Leon Draisaitl           1  1  2   1  0   5  0  0  0  0  14/34  24:57   3:06   3:51 
Marc-Edouard Vlasic      0  0  0  -1  0   1  0  0  0  0  0/0    20:54   2:06   1:49 
Marcus Kruger            0  0  0   0  0   1  3  0  0  0  0/0    15:46   0:00   0:00 
Mike Matheson            1  0  1   1  0   1  0  1  0  0  0/0    15:12   0:00   2:22 
Nico Hischier            0  0  0   0  0   1  0  0  0  0  3/4     4:59   0:00   0:00 
Sam Steel                0  0  0   0  0   0  0  0  0  0  0/0     0:00   0:00   0:00 
Seth Jones               0  1  1   0  2   2  2  4  0  0  0/0    24:16   3:32   1:50 
Tom Wilson               0  1  1   1  7   1  2  0  0  0  0/0    15:51   3:06   0:59 

3 Stars

1 - Phillip Danault (MON)
2 - Leon Draisaitl (NYR)
3 - Joel Armia (MON)

Power Play

MONTREAL - 2 on 4 Attempt(s) - 50.00%
NEW YORK R - 1 on 3 Attempt(s) - 33.33%

Penalty Kill

MONTREAL - 2 on 3 Attempt(s) - 66.67% - Score 0 goal in Penalty Kill
NEW YORK R - 2 on 4 Attempt(s) - 50.00% - Score 0 goal in Penalty Kill

Team Stat

MONTREAL - Hits : 18 - Faceoff Wins : 41 - Blocked Shots : 8 - Penalty Minutes : 11
NEW YORK R - Hits : 16 - Faceoff Wins : 36 - Blocked Shots : 10 - Penalty Minutes : 13

Official

Referees : Tim Mayer and Furman South
Linesman : Jim Harper and Craig Andreozzi

Game Notes

Max Pacioretty beats up Tom Wilson at 7:02 of 2nd period

Finance

Level 1 -- Attendance: 4197 (69.95%) -- Ticket Income $419,700
Level 2 -- Attendance: 3252 (65.04%) -- Ticket Income $227,640
Level 3 -- Attendance: 1330 (66.50%) -- Ticket Income $59,850
Level 4 -- Attendance: 4000 (100.00%) -- Ticket Income $80,000
Luxury Box -- Attendance: 938 (93.80%) -- Ticket Income $171,654
Game was played at the Madison Square Garden.
Total Attendance: 13717 (76.21%)
Total Ticket Income: $958,844
Total Income: $958,844

MONTREAL

5 vs 5 Forward 
   Center                   Left Wing                Right Wing               Time % Phy DF OF 
 1 Nathan MacKinnon         Max Pacioretty           Tomas Tatar              35     0   1  4  
 2 Phillip Danault          Roope Hintz              Alex Iafallo             30     0   2  3  
 3 Vincent Trocheck         Nino Niederreiter        Joel Armia               25     0   2  3  
 4 Nathan MacKinnon         Wayne Simmonds           Corey Perry              10     2   1  2  

5 vs 5 Defense 
   Defense                  Defense                                           Time % Phy DF OF 
 1 P.K. Subban              Connor Murphy                                     37     1   2  2  
 2 Keith Yandle             Tony DeAngelo                                     33     1   2  2  
 3 Erik Gustafsson          Nathan Beaulieu                                   20     1   2  2  
 4 P.K. Subban              Connor Murphy                                     10     1   2  2  

PowerPlay Forward 
   Center                   Left Wing                Right Wing               Time % Phy DF OF 
 1 Nathan MacKinnon         Max Pacioretty           Tomas Tatar              60     0   1  4  
 2 Phillip Danault          Roope Hintz              Alex Iafallo             40     0   1  4  

PowerPlay Defense
   Defense                  Defense                                           Time % Phy DF OF 
 1 Tony DeAngelo            P.K. Subban                                       60     0   2  3  
 2 Keith Yandle             Erik Gustafsson                                   40     0   2  3  

Penalty Kill 4 Players Forward 
   Center                   Wing                     Time % Phy DF OF 
 1 Phillip Danault          Brock McGinn             60     1   3  1  
 2 Vincent Trocheck         Joel Armia               40     1   3  1  

Penalty Kill 4 Players Defense
   Defense                  Defense                  Time % Phy DF OF 
 1 Keith Yandle             P.K. Subban              60     1   3  1  
 2 Connor Murphy            Erik Gustafsson          40     1   3  1  

Penalty Kill - 3 Players Forward 
   Forward                                           Time % Phy DF OF 
 1 Phillip Danault                                   60     1   3  1  
 2 Vincent Trocheck                                  40     1   3  1  

Penalty Kill - 3 Players Defense
   Defense                  Defense                  Time % Phy DF OF 
 1 Connor Murphy            P.K. Subban              60     1   3  1  
 2 Nathan Beaulieu          Erik Gustafsson          40     1   3  1  

4 vs 4 Forward 
   Center                   Wing                     Time % Phy DF OF 
 1 Nathan MacKinnon         Max Pacioretty           60     0   2  3  
 2 Vincent Trocheck         Tomas Tatar              40     0   2  3  

4 vs 4 Defense
   Defense                  Defense                  Time % Phy DF OF 
 1 Tony DeAngelo            P.K. Subban              60     1   2  2  
 2 Keith Yandle             Erik Gustafsson          40     1   2  2  

Last Minutes Offensive
   Center                   Left Wing                Right Wing               Defense                  Defense                  
   Nathan MacKinnon         Max Pacioretty           Vincent Trocheck         Tony DeAngelo            P.K. Subban              

Last Minutes Defensive
   Center                   Left Wing                Right Wing               Defense                  Defense                  
   Phillip Danault          Max Pacioretty           Vincent Trocheck         Connor Murphy            P.K. Subban              

Goaltenders
Starting : Robin Lehner             
Backup : Anton Khudobin           

Extra Forwards
Normal : Brock McGinn, Corey Perry, Roope Hintz - PP : Brock McGinn, Corey Perry - PK : Roope Hintz
Extra Defensemen
Normal : Tony DeAngelo, Nathan Beaulieu, Connor Murphy - PP : Tony DeAngelo - PK : Nathan Beaulieu, Connor Murphy
Penalty Shots
Nathan MacKinnon, Max Pacioretty, Vincent Trocheck, Tomas Tatar, Phillip Danault

Scratches
MTL Cap Hit (Suspend), Mark Jankowski (Healthy)

NEW YORK R

5 vs 5 Forward 
   Center                   Left Wing                Right Wing               Time % Phy DF OF 
 1 Leon Draisaitl           Artemi Panarin           Tom Wilson               35     1   2  2  
 2 Bo Horvat                Andrew Cogliano          Connor Brown             30     1   2  2  
 3 Jonathan Marchessault    Jake DeBrusk             Marcus Kruger            25     1   2  2  
 4 Nico Hischier            Brendan Lemieux          Leon Draisaitl           10     1   2  2  

5 vs 5 Defense 
   Defense                  Defense                                           Time % Phy DF OF 
 1 Seth Jones               Colton Parayko                                    35     1   2  2  
 2 Marc-Edouard Vlasic      Brett Pesce                                       30     1   2  2  
 3 Cam Fowler               Mike Matheson                                     25     1   2  2  
 4 Karl Alzner              Seth Jones                                        10     1   2  2  

PowerPlay Forward 
   Center                   Left Wing                Right Wing               Time % Phy DF OF 
 1 Leon Draisaitl           Artemi Panarin           Tom Wilson               60     1   2  2  
 2 Bo Horvat                Andrew Cogliano          Connor Brown             40     1   2  2  

PowerPlay Defense
   Defense                  Defense                                           Time % Phy DF OF 
 1 Seth Jones               Colton Parayko                                    60     1   2  2  
 2 Marc-Edouard Vlasic      Brett Pesce                                       40     1   2  2  

Penalty Kill 4 Players Forward 
   Center                   Wing                     Time % Phy DF OF 
 1 Leon Draisaitl           Artemi Panarin           60     1   2  2  
 2 Bo Horvat                Tom Wilson               40     1   2  2  

Penalty Kill 4 Players Defense
   Defense                  Defense                  Time % Phy DF OF 
 1 Seth Jones               Colton Parayko           60     1   2  2  
 2 Marc-Edouard Vlasic      Brett Pesce              40     1   2  2  

Penalty Kill - 3 Players Forward 
   Forward                                           Time % Phy DF OF 
 1 Leon Draisaitl                                    60     1   2  2  
 2 Artemi Panarin                                    40     1   2  2  

Penalty Kill - 3 Players Defense
   Defense                  Defense                  Time % Phy DF OF 
 1 Seth Jones               Colton Parayko           60     1   2  2  
 2 Marc-Edouard Vlasic      Brett Pesce              40     1   2  2  

4 vs 4 Forward 
   Center                   Wing                     Time % Phy DF OF 
 1 Leon Draisaitl           Artemi Panarin           60     1   2  2  
 2 Bo Horvat                Tom Wilson               40     1   2  2  

4 vs 4 Defense
   Defense                  Defense                  Time % Phy DF OF 
 1 Seth Jones               Colton Parayko           60     1   2  2  
 2 Marc-Edouard Vlasic      Brett Pesce              40     1   2  2  

Last Minutes Offensive
   Center                   Left Wing                Right Wing               Defense                  Defense                  
   Leon Draisaitl           Artemi Panarin           Tom Wilson               Seth Jones               Colton Parayko           

Last Minutes Defensive
   Center                   Left Wing                Right Wing               Defense                  Defense                  
   Leon Draisaitl           Artemi Panarin           Tom Wilson               Seth Jones               Colton Parayko           

Goaltenders
Starting : Frederik Andersen        
Backup : Craig Anderson           

Extra Forwards
Normal : Gabriel Vilardi, Sam Steel, Jonathan Marchessault - PP : Gabriel Vilardi, Sam Steel - PK : Jonathan Marchessault
Extra Defensemen
Normal : Cam Fowler, Mike Matheson, Karl Alzner - PP : Cam Fowler - PK : Mike Matheson, Karl Alzner
Penalty Shots
Leon Draisaitl, Artemi Panarin, Bo Horvat, Tom Wilson, Jonathan Marchessault

Scratches
Frederik Gauthier (Healthy)

% Time on Ice - MONTREAL

Lines # - Real PCT - Wanted PCT - Time Play
Normal Forward
1 - 31% - 35% - 14:57
2 - 31% - 30% - 15:04
3 - 27% - 25% - 12:53
4 - 11% - 10% - 5:24
Normal Defense
1 - 34% - 37% - 16:19
2 - 33% - 33% - 15:59
3 - 30% - 20% - 14:27
4 - 3% - 10% - 1:33
PP Forward
1 - 61% - 60% - 3:27
2 - 39% - 40% - 2:11
PP Defense
1 - 59% - 60% - 3:21
2 - 41% - 40% - 2:17
PK Forward
1 - 64% - 60% - 3:38
2 - 36% - 40% - 2:00
PK Defense
1 - 53% - 60% - 3:00
2 - 47% - 40% - 2:38
PK3 Forward
1 - 0% - 60%
2 - 0% - 40%
PK3 Defense
1 - 0% - 60%
2 - 0% - 40%
44 Forward
1 - 0% - 60%
2 - 0% - 40%
44 Defense
1 - 0% - 60%
2 - 0% - 40%
Last Minute Offensive  - 0:00
Last Minute Defensive  - 0:26
Total
Forward - 60:00
Defense - 60:00

% Time on Ice - NEW YORK R

Lines # - Real PCT - Wanted PCT - Time Play
Normal Forward
1 - 27% - 35% - 13:12
2 - 30% - 30% - 14:21
3 - 33% - 25% - 15:46
4 - 10% - 10% - 4:59
Normal Defense
1 - 29% - 35% - 14:04
2 - 35% - 30% - 16:59
3 - 27% - 25% - 12:50
4 - 9% - 10% - 4:25
PP Forward
1 - 55% - 60% - 3:06
2 - 45% - 40% - 2:32
PP Defense
1 - 63% - 60% - 3:32
2 - 37% - 40% - 2:06
PK Forward
1 - 83% - 60% - 4:39
2 - 17% - 40% - 0:59
PK Defense
1 - 68% - 60% - 3:49
2 - 32% - 40% - 1:49
PK3 Forward
1 - 0% - 60%
2 - 0% - 40%
PK3 Defense
1 - 0% - 60%
2 - 0% - 40%
44 Forward
1 - 0% - 60%
2 - 0% - 40%
44 Defense
1 - 0% - 60%
2 - 0% - 40%
Last Minute Offensive  - 0:26
Last Minute Defensive  - 0:00
Total
Forward - 60:00
Defense - 60:00

Play-by-Play

1st period


0:01 of 1st period - Nathan MacKinnon wins face-off versus Leon Draisaitl in neutral zone.
0:29 of 1st period - Artemi Panarin is hit by Connor Murphy and loses puck.
0:44 of 1st period - Shot by Artemi Panarin.
0:44 of 1st period - Stopped by Robin Lehner with a rebound.
1:20 of 1st period - Shot by Bo Horvat.
1:20 of 1st period - Deflect By Connor Brown.
1:20 of 1st period - Stopped by Robin Lehner without a rebound.
1:21 of 1st period - Jonathan Marchessault wins face-off versus Phillip Danault in MONTREAL zone.
1:43 of 1st period - Shot by Jonathan Marchessault.
1:43 of 1st period - Deflect By Jake DeBrusk.
1:43 of 1st period - Stopped by Robin Lehner without a rebound.
1:44 of 1st period - Nico Hischier wins face-off versus Vincent Trocheck in MONTREAL zone.
1:55 of 1st period - Shot by Nico Hischier.
1:55 of 1st period - Shot Misses the Net.
1:57 of 1st period - Shot by Brendan Lemieux.
1:57 of 1st period - Shot Blocked by Vincent Trocheck.
1:58 of 1st period - Minor Penalty to Erik Gustafsson for Hooking.
1:59 of 1st period - Phillip Danault wins face-off versus Bo Horvat in MONTREAL zone.
1:59 of 1st period - Phillip Danault is hit by Andrew Cogliano.
2:20 of 1st period - Icing by Bo Horvat.
2:21 of 1st period - Bo Horvat wins face-off versus Brock McGinn in NEW YORK R zone.
2:44 of 1st period - Shot by Colton Parayko.
2:44 of 1st period - Stopped by Robin Lehner without a rebound.
2:45 of 1st period - Leon Draisaitl wins face-off versus Vincent Trocheck in MONTREAL zone.
3:18 of 1st period - Shot by Leon Draisaitl.
3:18 of 1st period - Shot Misses the Net.
3:20 of 1st period - Shot by Brett Pesce.
3:20 of 1st period - Stopped by Robin Lehner without a rebound.
3:21 of 1st period - Phillip Danault wins face-off versus Andrew Cogliano in MONTREAL zone.
3:36 of 1st period - Shot by Seth Jones.
3:36 of 1st period - Stopped by Robin Lehner without a rebound.
3:37 of 1st period - Phillip Danault wins face-off versus Leon Draisaitl in MONTREAL zone.
3:46 of 1st period - Shot by Seth Jones.
3:46 of 1st period - Stopped by Robin Lehner without a rebound.
3:47 of 1st period - Phillip Danault wins face-off versus Bo Horvat in MONTREAL zone.
3:59 of 1st period - Connor Brown is hit by Nathan Beaulieu and loses puck.
4:36 of 1st period - Minor Penalty to Nathan Beaulieu for Hooking.
4:37 of 1st period - Artemi Panarin wins face-off versus Phillip Danault in MONTREAL zone.
5:45 of 1st period - Shot by Connor Brown.
5:45 of 1st period - Stopped by Robin Lehner without a rebound.
5:46 of 1st period - Phillip Danault wins face-off versus Bo Horvat in MONTREAL zone.
5:46 of 1st period - Phillip Danault is hit by Bo Horvat.
6:16 of 1st period - Shot by Connor Brown.
6:16 of 1st period - Goal by Connor Brown - MONTREAL : 0 - NEW YORK R : 1.
6:17 of 1st period - Nathan MacKinnon wins face-off versus Jonathan Marchessault in neutral zone.
7:10 of 1st period - Jake DeBrusk is hit by Joel Armia and loses puck.
8:14 of 1st period - Shot by Leon Draisaitl.
8:14 of 1st period - Shot Misses the Net.
8:20 of 1st period - Shot by Artemi Panarin.
8:20 of 1st period - Shot Blocked by Erik Gustafsson.
8:23 of 1st period - Minor Penalty to Tom Wilson for Roughing.
8:24 of 1st period - Nathan MacKinnon wins face-off versus Leon Draisaitl in NEW YORK R zone.
8:49 of 1st period - Shot by Max Pacioretty.
8:49 of 1st period - Stopped by Frederik Andersen with a rebound.
8:51 of 1st period - Shot by Nathan MacKinnon.
8:51 of 1st period - Shot Misses the Net.
8:53 of 1st period - Shot by Max Pacioretty.
8:53 of 1st period - Shot Blocked by Colton Parayko.
8:55 of 1st period - Shot by Nathan MacKinnon.
8:55 of 1st period - Shot Misses the Net.
8:57 of 1st period - Shot by Nathan MacKinnon.
8:57 of 1st period - Stopped by Frederik Andersen with a rebound.
8:59 of 1st period - Shot by Tony DeAngelo.
8:59 of 1st period - Shot Misses the Net.
9:01 of 1st period - Shot by Tony DeAngelo.
9:01 of 1st period - Goal by Tony DeAngelo - MONTREAL : 1 - NEW YORK R : 1.
9:02 of 1st period - Vincent Trocheck wins face-off versus Bo Horvat in neutral zone.
9:19 of 1st period - Shot by Bo Horvat.
9:19 of 1st period - Stopped by Robin Lehner without a rebound.
9:20 of 1st period - Bo Horvat wins face-off versus Phillip Danault in MONTREAL zone.
9:29 of 1st period - Shot by Bo Horvat.
9:29 of 1st period - Shot Misses the Net.
9:37 of 1st period - Shot by Connor Brown.
9:37 of 1st period - Deflect By Bo Horvat.
9:37 of 1st period - Stopped by Robin Lehner without a rebound.
9:38 of 1st period - Nico Hischier wins face-off versus Nathan MacKinnon in MONTREAL zone.
9:45 of 1st period - Shot by Leon Draisaitl.
9:45 of 1st period - Shot Misses the Net.
9:47 of 1st period - Shot by Leon Draisaitl.
9:47 of 1st period - Deflect By Nico Hischier.
9:47 of 1st period - Stopped by Robin Lehner without a rebound.
9:48 of 1st period - Phillip Danault wins face-off versus Leon Draisaitl in MONTREAL zone.
9:55 of 1st period - Shot by Leon Draisaitl.
9:55 of 1st period - Shot Blocked by Connor Murphy.
9:58 of 1st period - Icing by P.K. Subban.
9:59 of 1st period - Phillip Danault wins face-off versus Bo Horvat in MONTREAL zone.
10:16 of 1st period - Shot by Roope Hintz.
10:16 of 1st period - Stopped by Frederik Andersen without a rebound.
10:17 of 1st period - Nathan MacKinnon wins face-off versus Leon Draisaitl in NEW YORK R zone.
10:18 of 1st period - Shot by Max Pacioretty.
10:18 of 1st period - Stopped by Frederik Andersen with a rebound.
10:37 of 1st period - Icing by Seth Jones.
10:38 of 1st period - Leon Draisaitl wins face-off versus Vincent Trocheck in NEW YORK R zone.
10:44 of 1st period - Shot by Tom Wilson.
10:44 of 1st period - Shot Misses the Net.
10:46 of 1st period - Shot by Seth Jones.
10:46 of 1st period - Shot Misses the Net.
10:53 of 1st period - Vincent Trocheck is hit by Seth Jones and loses puck.
10:57 of 1st period - Icing by Colton Parayko.
10:58 of 1st period - Phillip Danault wins face-off versus Leon Draisaitl in NEW YORK R zone.
11:11 of 1st period - Shot by Leon Draisaitl.
11:11 of 1st period - Shot Misses the Net.
11:31 of 1st period - Shot by Connor Brown.
11:31 of 1st period - Stopped by Robin Lehner without a rebound.
11:32 of 1st period - Bo Horvat wins face-off versus Tomas Tatar in MONTREAL zone.
11:42 of 1st period - Minor Penalty to Brett Pesce for Hooking.
11:43 of 1st period - Nathan MacKinnon wins face-off versus Leon Draisaitl in NEW YORK R zone.
13:10 of 1st period - Shot by Erik Gustafsson.
13:10 of 1st period - Stopped by Frederik Andersen without a rebound.
13:11 of 1st period - Bo Horvat wins face-off versus Nathan MacKinnon in NEW YORK R zone.
13:16 of 1st period - Shot by Marc-Edouard Vlasic.
13:16 of 1st period - Shot Misses the Net.
13:42 of 1st period - Shot by Max Pacioretty.
13:42 of 1st period - Shot Misses the Net.
13:48 of 1st period - Shot by Nino Niederreiter.
13:48 of 1st period - Shot Blocked by Mike Matheson.
14:10 of 1st period - Shot by Joel Armia.
14:10 of 1st period - Shot Misses the Net.
14:57 of 1st period - Shot by Alex Iafallo.
14:57 of 1st period - Stopped by Frederik Andersen without a rebound.
14:58 of 1st period - Bo Horvat wins face-off versus Nathan MacKinnon in NEW YORK R zone.
15:54 of 1st period - Shot by Vincent Trocheck.
15:54 of 1st period - Stopped by Frederik Andersen without a rebound.
15:55 of 1st period - Phillip Danault wins face-off versus Leon Draisaitl in NEW YORK R zone.
15:59 of 1st period - Icing by Seth Jones.
16:00 of 1st period - Phillip Danault wins face-off versus Leon Draisaitl in NEW YORK R zone.
16:24 of 1st period - Shot by Tom Wilson.
16:24 of 1st period - Shot Blocked by Nathan Beaulieu.
17:07 of 1st period - Shot by Marc-Edouard Vlasic.
17:07 of 1st period - Shot Hit the Post.
18:22 of 1st period - Karl Alzner is hit by Vincent Trocheck and loses puck.
18:52 of 1st period - Shot by P.K. Subban.
18:52 of 1st period - Deflect By Nathan MacKinnon.
18:52 of 1st period - Shot Blocked by Seth Jones.
19:32 of 1st period - Shot by Roope Hintz.
19:32 of 1st period - Shot Misses the Net.
Goals for this period are 1 for MONTREAL vs 1 for NEW YORK R.
Shots for this period are 8 for MONTREAL vs 13 for NEW YORK R.

2nd period


0:01 of 2nd period - Leon Draisaitl wins face-off versus Nathan MacKinnon in neutral zone.
0:24 of 2nd period - Nathan MacKinnon is hit by Colton Parayko and loses puck.
0:32 of 2nd period - Max Pacioretty is hit by Seth Jones and loses puck.
0:55 of 2nd period - Vincent Trocheck is hit by Tom Wilson and loses puck.
1:08 of 2nd period - Shot by Vincent Trocheck.
1:08 of 2nd period - Deflect By Nino Niederreiter.
1:08 of 2nd period - Shot Blocked by Seth Jones.
1:24 of 2nd period - Shot by Nino Niederreiter.
1:24 of 2nd period - Stopped by Frederik Andersen with a rebound.
1:26 of 2nd period - Shot by Connor Murphy.
1:26 of 2nd period - Stopped by Frederik Andersen with a rebound.
2:54 of 2nd period - Jake DeBrusk is hit by Erik Gustafsson and loses puck.
3:01 of 2nd period - Shot by Marcus Kruger.
3:01 of 2nd period - Shot Misses the Net.
3:03 of 2nd period - Shot by Marcus Kruger.
3:03 of 2nd period - Stopped by Robin Lehner with a rebound.
3:13 of 2nd period - Shot by Jake DeBrusk.
3:13 of 2nd period - Stopped by Robin Lehner without a rebound.
3:14 of 2nd period - Nathan MacKinnon wins face-off versus Nico Hischier in MONTREAL zone.
3:40 of 2nd period - Shot by Nico Hischier.
3:40 of 2nd period - Shot Misses the Net.
4:15 of 2nd period - Icing by Connor Murphy.
4:16 of 2nd period - Vincent Trocheck wins face-off versus Jonathan Marchessault in MONTREAL zone.
4:16 of 2nd period - Vincent Trocheck is hit by Jonathan Marchessault.
4:26 of 2nd period - Shot by Joel Armia.
4:26 of 2nd period - Shot Misses the Net.
5:21 of 2nd period - Shot by Tom Wilson.
5:21 of 2nd period - Shot Blocked by Tony DeAngelo.
5:27 of 2nd period - Shot by Artemi Panarin.
5:27 of 2nd period - Stopped by Robin Lehner with a rebound.
5:33 of 2nd period - Shot by Artemi Panarin.
5:33 of 2nd period - Stopped by Robin Lehner without a rebound.
5:34 of 2nd period - Andrew Cogliano wins face-off versus Brock McGinn in MONTREAL zone.
6:05 of 2nd period - Shot by Max Pacioretty.
6:05 of 2nd period - Deflect By Tomas Tatar.
6:05 of 2nd period - Shot Misses the Net.
6:23 of 2nd period - Shot by Phillip Danault.
6:23 of 2nd period - Stopped by Frederik Andersen with a rebound.
6:25 of 2nd period - Shot by Alex Iafallo.
6:25 of 2nd period - Shot Misses the Net.
6:27 of 2nd period - Shot by Alex Iafallo.
6:27 of 2nd period - Shot Blocked by Colton Parayko.
6:29 of 2nd period - Shot by Nathan Beaulieu.
6:29 of 2nd period - Shot Misses the Net.
6:31 of 2nd period - Shot by Roope Hintz.
6:31 of 2nd period - Shot Misses the Net.
6:48 of 2nd period - Shot by Phillip Danault.
6:48 of 2nd period - Goal by Phillip Danault - MONTREAL : 2 - NEW YORK R : 1.
6:49 of 2nd period - Vincent Trocheck wins face-off versus Artemi Panarin in neutral zone.
6:54 of 2nd period - Shot by Vincent Trocheck.
6:54 of 2nd period - Shot Misses the Net.
6:56 of 2nd period - Shot by Joel Armia.
6:56 of 2nd period - Shot Blocked by Brett Pesce.
6:58 of 2nd period - Shot by Joel Armia.
6:58 of 2nd period - Goal by Joel Armia - MONTREAL : 3 - NEW YORK R : 1.
6:59 of 2nd period - Leon Draisaitl wins face-off versus Nathan MacKinnon in neutral zone.
6:59 of 2nd period - Leon Draisaitl is hit by Tomas Tatar.
7:02 of 2nd period - Max Pacioretty beats up Tom Wilson.
7:02 of 2nd period - Penalty to Tom Wilson for Fighting.
7:02 of 2nd period - Penalty to Max Pacioretty for Fighting.
7:03 of 2nd period - Nathan MacKinnon wins face-off versus Leon Draisaitl in neutral zone.
8:02 of 2nd period - Mike Matheson is hit by Vincent Trocheck.
8:27 of 2nd period - P.K. Subban is hit by Marcus Kruger and loses puck.
8:38 of 2nd period - Shot by P.K. Subban.
8:38 of 2nd period - Shot Misses the Net.
9:14 of 2nd period - Shot by Phillip Danault.
9:14 of 2nd period - Shot Blocked by Seth Jones.
9:16 of 2nd period - Shot by Roope Hintz.
9:16 of 2nd period - Deflect By Alex Iafallo.
9:16 of 2nd period - Stopped by Frederik Andersen without a rebound.
9:17 of 2nd period - Leon Draisaitl wins face-off versus Nathan MacKinnon in NEW YORK R zone.
9:38 of 2nd period - Shot by Nathan MacKinnon.
9:38 of 2nd period - Stopped by Frederik Andersen without a rebound.
9:39 of 2nd period - Vincent Trocheck wins face-off versus Bo Horvat in NEW YORK R zone.
10:14 of 2nd period - Bo Horvat is hit by Vincent Trocheck and loses puck.
10:54 of 2nd period - Icing by Erik Gustafsson.
10:55 of 2nd period - Phillip Danault wins face-off versus Gabriel Vilardi in MONTREAL zone.
11:32 of 2nd period - Shot by Artemi Panarin.
11:32 of 2nd period - Stopped by Robin Lehner without a rebound.
11:33 of 2nd period - Jonathan Marchessault wins face-off versus Vincent Trocheck in MONTREAL zone.
13:15 of 2nd period - Phillip Danault is hit by Brendan Lemieux and loses puck.
13:19 of 2nd period - Icing by Phillip Danault.
13:20 of 2nd period - Bo Horvat wins face-off versus Alex Iafallo in MONTREAL zone.
13:31 of 2nd period - Shot by Roope Hintz.
13:31 of 2nd period - Shot Misses the Net.
13:34 of 2nd period - Icing by Marc-Edouard Vlasic.
13:35 of 2nd period - Nathan MacKinnon wins face-off versus Bo Horvat in NEW YORK R zone.
13:44 of 2nd period - Nathan MacKinnon is hit by Andrew Cogliano and loses puck.
14:27 of 2nd period - Phillip Danault is hit by Marcus Kruger.
14:49 of 2nd period - Shot by Mike Matheson.
14:49 of 2nd period - Shot Misses the Net.
14:51 of 2nd period - Shot by Jake DeBrusk.
14:51 of 2nd period - Shot Misses the Net.
15:50 of 2nd period - Shot by Bo Horvat.
15:50 of 2nd period - Shot Misses the Net.
16:47 of 2nd period - Leon Draisaitl is hit by Connor Murphy and loses puck.
17:00 of 2nd period - Shot by Nathan MacKinnon.
17:00 of 2nd period - Shot Misses the Net.
17:08 of 2nd period - Shot by Tomas Tatar.
17:08 of 2nd period - Stopped by Frederik Andersen without a rebound.
17:09 of 2nd period - Jonathan Marchessault wins face-off versus Phillip Danault in NEW YORK R zone.
17:43 of 2nd period - Shot by Jake DeBrusk.
17:43 of 2nd period - Shot Blocked by Tony DeAngelo.
18:09 of 2nd period - Shot by Nathan MacKinnon.
18:09 of 2nd period - Stopped by Frederik Andersen without a rebound.
18:10 of 2nd period - Leon Draisaitl wins face-off versus Nathan MacKinnon in NEW YORK R zone.
18:25 of 2nd period - Shot by Mike Matheson.
18:25 of 2nd period - Goal by Mike Matheson - MONTREAL : 3 - NEW YORK R : 2.
18:26 of 2nd period - Bo Horvat wins face-off versus Nathan MacKinnon in neutral zone.
18:26 of 2nd period - Bo Horvat is hit by Corey Perry.
18:29 of 2nd period - Marc-Edouard Vlasic is hit by Connor Murphy and loses puck.
19:28 of 2nd period - Shot by Jake DeBrusk.
19:28 of 2nd period - Shot Blocked by Erik Gustafsson.
19:31 of 2nd period - Icing by Nathan Beaulieu.
19:32 of 2nd period - Leon Draisaitl wins face-off versus Joel Armia in MONTREAL zone.
Goals for this period are 2 for MONTREAL vs 1 for NEW YORK R.
Shots for this period are 9 for MONTREAL vs 6 for NEW YORK R.

3rd period


0:01 of 3rd period - Nathan MacKinnon wins face-off versus Leon Draisaitl in neutral zone.
0:31 of 3rd period - Shot by Nathan MacKinnon.
0:31 of 3rd period - Shot Blocked by Seth Jones.
0:33 of 3rd period - Shot by P.K. Subban.
0:33 of 3rd period - Stopped by Frederik Andersen without a rebound.
0:34 of 3rd period - Phillip Danault wins face-off versus Bo Horvat in NEW YORK R zone.
0:42 of 3rd period - Off-side.
0:43 of 3rd period - Vincent Trocheck wins face-off versus Jonathan Marchessault in neutral zone.
1:42 of 3rd period - Jake DeBrusk is hit by Nathan MacKinnon and loses puck.
2:24 of 3rd period - Seth Jones is hit by Phillip Danault.
2:28 of 3rd period - Shot by Artemi Panarin.
2:28 of 3rd period - Deflect By Leon Draisaitl.
2:28 of 3rd period - Goal by Leon Draisaitl - MONTREAL : 3 - NEW YORK R : 3.
2:29 of 3rd period - Phillip Danault wins face-off versus Bo Horvat in neutral zone.
2:45 of 3rd period - Connor Brown is hit by Erik Gustafsson and loses puck.
3:29 of 3rd period - Shot by Leon Draisaitl.
3:29 of 3rd period - Shot Misses the Net.
3:41 of 3rd period - Shot by Leon Draisaitl.
3:41 of 3rd period - Stopped by Robin Lehner without a rebound.
3:42 of 3rd period - Nathan MacKinnon wins face-off versus Leon Draisaitl in MONTREAL zone.
5:07 of 3rd period - Shot by Bo Horvat.
5:07 of 3rd period - Shot Misses the Net.
5:53 of 3rd period - Shot by Alex Iafallo.
5:53 of 3rd period - Stopped by Frederik Andersen without a rebound.
5:54 of 3rd period - Jonathan Marchessault wins face-off versus Nathan MacKinnon in NEW YORK R zone.
6:17 of 3rd period - Shot by Jonathan Marchessault.
6:17 of 3rd period - Stopped by Robin Lehner without a rebound.
6:18 of 3rd period - Nico Hischier wins face-off versus Alex Iafallo in MONTREAL zone.
6:29 of 3rd period - Shot by Nico Hischier.
6:29 of 3rd period - Deflect By Leon Draisaitl.
6:29 of 3rd period - Shot Misses the Net.
6:31 of 3rd period - Shot by Leon Draisaitl.
6:31 of 3rd period - Stopped by Robin Lehner without a rebound.
6:32 of 3rd period - Bo Horvat wins face-off versus Nathan MacKinnon in MONTREAL zone.
6:45 of 3rd period - Shot by Bo Horvat.
6:45 of 3rd period - Stopped by Robin Lehner without a rebound.
6:46 of 3rd period - Jonathan Marchessault wins face-off versus Phillip Danault in MONTREAL zone.
7:01 of 3rd period - Shot by Jonathan Marchessault.
7:01 of 3rd period - Stopped by Robin Lehner without a rebound.
7:02 of 3rd period - Bo Horvat wins face-off versus Nathan MacKinnon in MONTREAL zone.
7:54 of 3rd period - Minor Penalty to Tony DeAngelo for Hooking.
7:55 of 3rd period - Phillip Danault wins face-off versus Leon Draisaitl in MONTREAL zone.
8:10 of 3rd period - Shot by Colton Parayko.
8:10 of 3rd period - Stopped by Robin Lehner without a rebound.
8:11 of 3rd period - Phillip Danault wins face-off versus Leon Draisaitl in MONTREAL zone.
8:11 of 3rd period - Phillip Danault is hit by Tom Wilson.
8:37 of 3rd period - Shot by Tom Wilson.
8:37 of 3rd period - Stopped by Robin Lehner without a rebound.
8:38 of 3rd period - Bo Horvat wins face-off versus Phillip Danault in MONTREAL zone.
8:47 of 3rd period - Shot by Marc-Edouard Vlasic.
8:47 of 3rd period - Stopped by Robin Lehner without a rebound.
8:48 of 3rd period - Leon Draisaitl wins face-off versus Phillip Danault in MONTREAL zone.
8:55 of 3rd period - Shot by Leon Draisaitl.
8:55 of 3rd period - Stopped by Robin Lehner without a rebound.
8:56 of 3rd period - Phillip Danault wins face-off versus Bo Horvat in MONTREAL zone.
9:13 of 3rd period - Shot by Brett Pesce.
9:13 of 3rd period - Stopped by Robin Lehner without a rebound.
9:14 of 3rd period - Vincent Trocheck wins face-off versus Leon Draisaitl in MONTREAL zone.
9:46 of 3rd period - Artemi Panarin is hit by P.K. Subban and loses puck.
9:53 of 3rd period - Shot by Colton Parayko.
9:53 of 3rd period - Stopped by Robin Lehner without a rebound.
9:54 of 3rd period - Connor Brown wins face-off versus Nathan MacKinnon in MONTREAL zone.
10:03 of 3rd period - Shot by Bo Horvat.
10:03 of 3rd period - Shot Blocked by Erik Gustafsson.
10:23 of 3rd period - Shot by Bo Horvat.
10:23 of 3rd period - Stopped by Robin Lehner with a rebound.
10:27 of 3rd period - Shot by Andrew Cogliano.
10:27 of 3rd period - Shot Misses the Net.
10:31 of 3rd period - Shot by Connor Brown.
10:31 of 3rd period - Stopped by Robin Lehner without a rebound.
10:32 of 3rd period - Phillip Danault wins face-off versus Jonathan Marchessault in MONTREAL zone.
10:39 of 3rd period - Phillip Danault is hit by Marcus Kruger and loses puck.
10:56 of 3rd period - Shot by Jonathan Marchessault.
10:56 of 3rd period - Stopped by Robin Lehner without a rebound.
10:57 of 3rd period - Vincent Trocheck wins face-off versus Leon Draisaitl in MONTREAL zone.
11:06 of 3rd period - Shot by Artemi Panarin.
11:06 of 3rd period - Stopped by Robin Lehner without a rebound.
11:07 of 3rd period - Leon Draisaitl wins face-off versus Nathan MacKinnon in MONTREAL zone.
11:08 of 3rd period - Shot by Artemi Panarin.
11:08 of 3rd period - Deflect By Leon Draisaitl.
11:08 of 3rd period - Stopped by Robin Lehner without a rebound.
11:09 of 3rd period - Nathan MacKinnon wins face-off versus Leon Draisaitl in MONTREAL zone.
12:18 of 3rd period - Shot by Bo Horvat.
12:18 of 3rd period - Stopped by Robin Lehner without a rebound.
12:19 of 3rd period - Jonathan Marchessault wins face-off versus Phillip Danault in MONTREAL zone.
13:00 of 3rd period - Icing by Phillip Danault.
13:01 of 3rd period - Phillip Danault wins face-off versus Connor Brown in MONTREAL zone.
13:01 of 3rd period - Phillip Danault is hit by Bo Horvat.
13:02 of 3rd period - Minor Penalty to Connor Brown for Holding.
13:03 of 3rd period - Leon Draisaitl wins face-off versus Nathan MacKinnon in NEW YORK R zone.
13:03 of 3rd period - Leon Draisaitl is hit by Tomas Tatar.
13:26 of 3rd period - Icing by Nathan MacKinnon.
13:27 of 3rd period - Max Pacioretty wins face-off versus Leon Draisaitl in MONTREAL zone.
13:43 of 3rd period - Icing by Phillip Danault.
13:44 of 3rd period - Leon Draisaitl wins face-off versus Phillip Danault in MONTREAL zone.
14:02 of 3rd period - Shot by Phillip Danault.
14:02 of 3rd period - Shot Misses the Net.
14:04 of 3rd period - Shot by Phillip Danault.
14:04 of 3rd period - Goal by Phillip Danault - MONTREAL : 4 - NEW YORK R : 3.
14:05 of 3rd period - Vincent Trocheck wins face-off versus Bo Horvat in neutral zone.
14:26 of 3rd period - Shot by Joel Armia.
14:26 of 3rd period - Stopped by Frederik Andersen without a rebound.
14:27 of 3rd period - Phillip Danault wins face-off versus Jonathan Marchessault in NEW YORK R zone.
14:46 of 3rd period - Shot by Jake DeBrusk.
14:46 of 3rd period - Shot Misses the Net.
15:00 of 3rd period - Shot by Phillip Danault.
15:00 of 3rd period - Shot Blocked by Brett Pesce.
15:34 of 3rd period - Shot by Tomas Tatar.
15:34 of 3rd period - Deflect By Nathan MacKinnon.
15:34 of 3rd period - Shot Misses the Net.
16:04 of 3rd period - Vincent Trocheck is hit by Jonathan Marchessault and loses puck.
16:49 of 3rd period - Jake DeBrusk is hit by Connor Murphy and loses puck.
17:08 of 3rd period - Shot by Corey Perry.
17:08 of 3rd period - Stopped by Frederik Andersen without a rebound.
17:09 of 3rd period - Leon Draisaitl wins face-off versus Alex Iafallo in NEW YORK R zone.
17:34 of 3rd period - Minor Penalty to Seth Jones for High sticking.
17:35 of 3rd period - Nathan MacKinnon wins face-off versus Leon Draisaitl in NEW YORK R zone.
17:43 of 3rd period - Icing by Tony DeAngelo.
17:44 of 3rd period - Leon Draisaitl wins face-off versus Nathan MacKinnon in MONTREAL zone.
17:45 of 3rd period - Shot by Artemi Panarin.
17:45 of 3rd period - Stopped by Robin Lehner without a rebound.
17:46 of 3rd period - Phillip Danault wins face-off versus Leon Draisaitl in MONTREAL zone.
17:48 of 3rd period - Icing by Erik Gustafsson.
17:49 of 3rd period - Leon Draisaitl wins face-off versus Phillip Danault in MONTREAL zone.
19:02 of 3rd period - Nathan MacKinnon is hit by Andrew Cogliano and loses puck.
19:11 of 3rd period - Shot by Max Pacioretty.
19:11 of 3rd period - Shot Misses the Net.
19:13 of 3rd period - Shot by Max Pacioretty.
19:13 of 3rd period - Shot Blocked by Cam Fowler.
19:43 of 3rd period - NEW YORK R, Frederik Andersen is pulled from the net.
19:43 of 3rd period - Shot by Seth Jones.
19:43 of 3rd period - Shot Misses the Net.
19:54 of 3rd period - Leon Draisaitl is hit by Connor Murphy and loses puck.
Goals for this period are 1 for MONTREAL vs 1 for NEW YORK R.
Shots for this period are 5 for MONTREAL vs 19 for NEW YORK R.